 Dungeon Crawl Stone Soup version 0.25.0-15-gac7dcb8919 (webtiles) character file.

Game seed: 4607540396006321127

22363 Delamore the Bludgeoner (level 12, -3/79 HPs)
             Began as a Gargoyle Fighter on June 28, 2020.
             Was a High Priest of Okawaru.
             Killed from afar by a bog body (16 damage)
             ... with a bolt of cold
             ... on level 4 of the Lair of Beasts.
             The game lasted 00:18:50 (13594 turns).

Delamore the Bludgeoner (Gargoyle Fighter)         Turns: 13594, Time: 00:18:51

Health: -3/79      AC: 28    Str: 24    XL:     12   Next: 99%
Magic:  12/12      EV:  7    Int: 13    God:    Okawaru [*****.]
Gold:   779        SH: 15    Dex: 15    Spells: 11/11 levels left

rFire    + + .     SeeInvis +   l - +1 flail (drain)
rCold    . . .     Gourm    .   K - +2 kite shield
rNeg     + . .     Faith    .   c - +6 chain mail of the King of Pentacles {rF+ SInv}
rPois    ∞         Spirit   .   a - +0 helmet {Int+3}
rElec    +         Reflect  .   t - +0 cloak
rCorr    .         Harm     .   M - +0 pair of gloves
MR       .....                  B - +0 pair of boots
Stlth    ..........             (no amulet)
HPRegen  0.23/turn              h - ring of protection from fire
MPRegen  0.13/turn              D - +6 ring of dexterity

@: slowed, studying Fighting, very slow
A: negative energy resistance 1, electricity resistance, unbreathing,
petrification resistance, rot immunity, AC +8
a: Heroism, Finesse, Renounce Religion


You were on level 4 of the Lair of Beasts.
You worshipped Okawaru.
Okawaru was extremely pleased with you.
You were not hungry.

You visited 4 branches of the dungeon, and saw 14 of its levels.
You also visited: Volcano.

You collected 867 gold pieces.
You spent 88 gold pieces at shops.

Inventory:

Hand Weapons
 l - a +1 flail of draining (weapon)
Missiles
 w - 2 javelins (quivered)
 H - a throwing net
Armour
 a - a +0 helmet of intelligence (worn)
 c - the +6 chain mail of the King of Pentacles (worn) {rF+ SInv}
   (You found it on level 3 of the Lair of Beasts)

   It protects you from fire.
   It lets you see invisible.
 t - a +0 cloak (worn)
 B - a +0 pair of boots (worn)
 K - a +2 kite shield (worn)
 M - a +0 pair of gloves (worn)
Jewellery
 h - a ring of protection from fire (left hand)
 D - a +6 ring of dexterity (right hand)
 F - an uncursed ring of ice
Wands
 x - a wand of flame (15)
 z - a wand of polymorph (11)
Scrolls
 b - a scroll of immolation
 g - 3 scrolls of fear
 j - 8 scrolls of teleportation
 o - 4 scrolls of amnesia
 p - 2 scrolls of enchant armour
 r - 4 scrolls of enchant weapon
 v - a scroll of remove curse
 A - a scroll of random uselessness
 G - 2 scrolls of noise {unknown}
Potions
 d - a potion of might
 e - 3 potions of haste
 i - 4 potions of stabbing
 k - 2 potions of curing
 n - a potion of cancellation
 q - a potion of heal wounds
 s - a potion of invisibility
 u - 2 potions of degeneration
 C - a potion of brilliance
 I - 2 potions of resistance
 L - a potion of magic
 N - a potion of lignification
Books
 y - a manual of Fighting
Comestibles
 f - 14 rations
 m - 2 chunks of flesh


   Skills:
 - Level 10.7 Fighting
 - Level 15.0 Maces & Flails
 - Level 3.2 Armour
 + Level 12.4 Shields


You had 11 spell levels left.
You didn't know any spells.
Your spell library contained the following spells:

 Spells                   Type           Power        Failure   Level  Hunger
 Infusion                 Chrm           #...         97%         1    ##.....
 Shroud of Golubria       Chrm/Tloc      #.....       99%         2    ###....
 Song of Slaying          Chrm           #.......     99%         2    ###....
 Ozocubu's Armour         Chrm/Ice       #.......     100%        3    ####...
 Spectral Weapon          Hex/Chrm       #.......     100%        3    ####...


Dungeon Overview and Level Annotations

Branches:
Dungeon (8/15)             Temple (1/1) D:6            Lair (4/6) D:8
  Swamp (0/4) Lair:4       Spider (1/4) Lair:2      Volcano (visited)

Altars:
Ashenzari
Cheibriados
Elyvilon
Gozag
Hepliaklqana
Kikubaaqudgha
Makhleb
Nemelex Xobeh
Okawaru
Qazlal
Ru
Sif Muna
Trog
Uskayaw
Vehumet
Wu Jian
Xom
Yredelemnul
Zin
The Shining One

Shops:
D:5 ?   D:8 [

Annotations:
D:3 1 runed translucent door, Descartes's ghost, weakling DEAE
Spider:1 Aizul


Innate Abilities, Weirdness & Mutations

You are resistant to torment.
Your stone body is resilient. (AC +8)
You are immune to poison.
You resist negative energy. (rN+)
You are resistant to electric shocks. (rElec)
You can survive without breathing.
You are immune to petrification.
You are immune to rotting.


Message History

The bog body casts a spell at you. The bolt of cold hits you!
You block the bog body's attack.
The bog body touches you but does no damage.
The bog body hits you but does no damage.
You block the bog body's attack.
The bog body points at you and mumbles some strange words.
The bolt of cold hits you!!
* * * LOW HITPOINT WARNING * * *
You block the bog body's attack.
The bog body touches you but does no damage.
You sock the bog body!
You destroy the bog body!
Okawaru accepts your kill.
The bog body hits you but does no damage.
You block the bog body's attack.
You sock the bog body!
The bog body is lightly damaged.
The bog body casts a spell at you. The bolt of cold hits you!
You die...

...........##
............##.§........
...........# #§.........
..........^# #..§≈§♣....
..........# #..≈§♣§≈...
..........####..≈§§§≈...
.........P##.#..♣§§♣≈..#
........####...n.§≈≈...#
........#P.##...@§.§.#
......................#
........................
#..P##P.#...............
##########..............
#..............
#...[..........
#..............
#...........


You could see a bog body.

Vanquished Creatures
  Harold (D:7)
  Fannar (Lair:3)
  A two-headed ogre (D:7)
  A hell knight (Volcano)
  An ugly thing (Volcano)
  6 elephants (Lair:3)
  A black mamba (Lair:1)
  2 molten gargoyles (Volcano)
  Maggie (D:6)
  A smoke demon (Volcano)
  5 spiny frogs
  3 komodo dragons (Lair:1)
  A red devil (Volcano)
  Grinder (D:6)
  2 jumping spiders (Lair:2)
  Prince Ribbit (D:7)
  8 blink frogs (Lair:1)
  A bog body (Lair:4)
  7 hippogriffs
  14 yaks
  Sigmund (D:6)
  A wyvern (D:8)
  Eustachio (D:6)
  Menkaure (D:5)
  A basilisk (Lair:2)
  2 hell hounds (Volcano)
  9 porcupines
  6 water moccasins
  4 phantoms
  2 orc warriors
  4 black bears
  A necrophage (D:5)
  9 wolves (Lair:3)
  3 centaurs
  3 crocodiles
  Blork the orc (D:4)
  8 bullfrogs
  3 scorpions
  6 killer bees (D:7)
  15 wights
  An electric eel (Lair:2)
  4 howler monkeys
  3 crimson imps
  5 lava snakes (Volcano)
  A bullfrog skeleton (D:5)
  5 hounds
  Crazy Yiuf (D:5)
  3 orc wizards
  Natasha (D:2)
  Terence (D:2)
  An iguana (D:5)
  10 worker ants
  11 hell rats (Lair:2)
  A howler monkey zombie (D:2)
  5 gnolls
  9 adders
  6 river rats (Lair:2)
  A shadow imp (D:6)
  2 worms (D:4)
  3 leopard geckos
  12 orcs
  A bat (D:2)
  6 giant cockroaches
  3 goblins
  5 hobgoblins
  8 quokkas
  A frilled lizard (D:1)
  6 kobolds
  A leopard gecko skeleton (D:6)
  2 quokka skeletons
  A quokka zombie (D:8)
  16 rats
276 creatures vanquished.

Vanquished Creatures (others)
  A fungus (D:8)
1 creature vanquished.

Grand Total: 277 creatures vanquished

Notes
Turn   | Place    | Note
-------+----------+-------------------------------------------
     0 | D:1      | Delamore the Gargoyle Fighter began the quest for the Orb.
     0 | D:1      | Reached XP level 1. HP: 14/14 MP: 1/1
   639 | D:1      | Reached XP level 2. HP: 19/19 MP: 2/2
   844 | D:1      | Reached skill level 3 in Maces & Flails
  1034 | D:2      | Reached XP level 3. HP: 22/23 MP: 3/3
  1073 | D:2      | Reached skill level 4 in Maces & Flails
  1074 | D:2      | Reached XP level 4. HP: 26/28 MP: 4/4
  1569 | D:2      | Noticed Terence
  1586 | D:2      | Killed Terence
  1678 | D:2      | Reached skill level 5 in Maces & Flails
  1678 | D:2      | Reached XP level 5. HP: 29/32 MP: 5/5
  2063 | D:2      | Noticed Natasha
  2070 | D:2      | Killed Natasha
  2324 | D:3      | Found a runed translucent door.
  2333 | D:3      | Noticed Descartes's ghost (weakling DEAE)
  2651 | D:4      | Reached skill level 6 in Maces & Flails
  2766 | D:4      | Noticed a phantom
  2781 | D:4      | Reached XP level 6. HP: 37/37 MP: 6/6
  2816 | D:4      | Killed a phantom
  2972 | D:4      | Reached skill level 7 in Maces & Flails
  3013 | D:4      | Noticed Blork the orc
  3023 | D:4      | Killed Blork the orc
  3023 | D:4      | Reached XP level 7. HP: 20/41 MP: 7/7
  3393 | D:4      | Found a hazy altar of Hepliaklqana.
  3501 | D:4      | Reached skill level 8 in Maces & Flails
  3780 | D:5      | Entered Level 5 of the Dungeon
  3780 | D:5      | Found Wewnem's Magic Scroll Shoppe.
  3889 | D:5      | Bought a scroll of identify for 22 gold pieces
  3925 | D:5      | Found a runed translucent door.
  3926 | D:5      | Noticed Crazy Yiuf
  4046 | D:5      | Reached skill level 9 in Maces & Flails
  4046 | D:5      | Reached XP level 8. HP: 41/46 MP: 8/8
  4175 | D:5      | Noticed Menkaure
  4181 | D:5      | Killed Menkaure
  4467 | D:5      | Found a glowing golden altar of the Shining One.
  4717 | D:5      | Killed Crazy Yiuf
  4847 | D:6      | Found a bloodstained altar of Trog.
  4853 | D:6      | Reached skill level 10 in Maces & Flails
  4894 | D:6      | Noticed Maggie
  4932 | D:6      | Killed Maggie
  4932 | D:6      | Reached skill level 5 in Fighting
  4932 | D:6      | Reached XP level 9. HP: 29/55 MP: 9/9
  5083 | D:6      | Noticed Eustachio
  5099 | D:6      | Killed Eustachio
  5219 | D:6      | Found a white marble altar of Elyvilon.
  5308 | D:6      | Noticed Sigmund
  5309 | D:6      | Found a staircase to the Ecumenical Temple.
  5316 | D:6      | Killed Sigmund
  5432 | Temple   | Entered the Ecumenical Temple
  5467 | Temple   | Became a worshipper of Warmaster Okawaru
  5508 | D:6      | Noticed Grinder
  5530 | D:6      | Killed Grinder
  5530 | D:6      | Reached skill level 11 in Maces & Flails
  6023 | D:7      | Noticed a two-headed ogre
  6037 | D:7      | Killed a two-headed ogre
  6037 | D:7      | Reached * piety under Okawaru
  6037 | D:7      | Reached XP level 10. HP: 48/65 MP: 10/10
  6173 | D:7      | Noticed Prince Ribbit
  6177 | D:7      | Killed Prince Ribbit
  6338 | D:7      | Reached skill level 12 in Maces & Flails
  6562 | D:7      | Reached ** piety under Okawaru
  6586 | D:7      | Noticed Harold
  6626 | D:7      | Killed Harold
  6626 | D:7      | Reached skill level 10 in Fighting
  6861 | D:7      | Found a sparkling altar of Nemelex Xobeh.
  7200 | D:8      | Found Leukhalu's Antique Armour Shop.
  7258 | D:8      | Reached *** piety under Okawaru
  7437 | D:8      | Found a hide-covered altar of Uskayaw.
  7437 | D:8      | Found a shattered altar of Ashenzari.
  7438 | D:8      | Found a radiant altar of Vehumet.
  7547 | D:8      | Got a transparent chain mail
  7558 | D:8      | Identified the +5 chain mail of Filigreed the Leaf {rPois
                  | rF+ Str-3 Int+8} (You found it on level 8 of the Dungeon)
  7607 | D:8      | Reached skill level 13 in Maces & Flails
  7644 | D:8      | Found a staircase to the Lair.
  7656 | D:8      | Reached XP level 11. HP: 73/73 MP: 11/11
  7929 | Lair:1   | Entered Level 1 of the Lair of Beasts
  7936 | Lair:1   | Reached **** piety under Okawaru
  7998 | Lair:1   | Found a dark tunnel.
  8005 | Volcano  | Entered a volcano
  8450 | Volcano  | Found a radiant altar of Vehumet.
  8450 | Volcano  | Noticed a red ugly thing
  8459 | Volcano  | Killed a red ugly thing
  8459 | Volcano  | Reached skill level 5 in Shields
  9007 | Volcano  | Noticed a hell knight
  9021 | Volcano  | Killed a hell knight
  9021 | Volcano  | Reached ***** piety under Okawaru
  9512 | Lair:1   | Reached skill level 14 in Maces & Flails
 10228 | Lair:1   | Reached XP level 12. HP: 60/79 MP: 12/12
 10725 | D:5      | Bought a scroll of identify for 22 gold pieces
 10725 | D:5      | Bought a scroll of identify for 22 gold pieces
 10725 | D:5      | Bought a scroll of identify for 22 gold pieces
 10859 | Lair:2   | Found a hole to the Spider Nest.
 10881 | Lair:2   | Received a gift from Okawaru
 12097 | Spider:1 | Entered Level 1 of the Spider Nest
 12097 | Spider:1 | Noticed Aizul
 12160 | Lair:3   | Reached skill level 15 in Maces & Flails
 12160 | Lair:3   | Reached skill level 10 in Shields
 12557 | Lair:3   | Noticed Fannar
 12593 | Lair:3   | Killed Fannar
 12969 | Lair:3   | Got a glimmering chain mail
 13050 | Lair:3   | Identified a scroll of acquirement
 13064 | Lair:3   | Identified the +6 chain mail of the King of Pentacles {rF+
                  | SInv} (You found it on level 3 of the Lair of Beasts)
 13576 | Lair:4   | Found a staircase to the Swamp.
 13588 | Lair:4   | HP: 3/79 [bog body/bolt of cold (35)]
 13594 | Lair:4   | Killed from afar by a bog body

Illustrated notes

Levels and vault maps discovered:
D:1:      dpeg_arrival_three_bigger_balls, layout_basic
D:2:      minmay_razor_zed, layout_basic, kennysheep_generic_room_11,
          uniq_terence, uniq_natasha
D:3:      layout_rooms, ebering_ghost_sewer_d, first_ration
D:4:      minmay_bubble_buster, layout_basic, lemuel_doored_altar,
          serial_corexii_hall, chequers_hall_statues_wall_a,
          chequers_hall_statues_wall_a, chequers_hall_statues_y,
          corexii_hall_statues_t, uniq_blork_the_orc
D:5:      layout_basic, kennysheep_mini_moat, serial_shops,
          nicolae_shop_statue_plus, serial_glass, glass_columns_c,
          glass_columns_a, feat_on_display, feat_on_display, feat_on_display,
          uniq_crazy_yiuf_cottage, uniq_menkaure
D:6:      layout_rooms, old_standard_altar, old_standard_altar,
          minmay_temple_entry_junction, feat_on_display, uniq_maggie,
          uniq_sigmund, uniq_grinder, uniq_eustachio
D:7:      layout_cave_pools, old_standard_altar, uniq_harold,
          uniq_prince_ribbit1
D:8:      layout_loops_ring, gammafunk_temple_overflow_claw,
          grunt_lair_entry_orc_guard_hut, serial_shops, shop_statue
Temple:   cyrus_circular_temple
Lair:1:   layout_chaotic_city, nicolae_volcano_entry_s_turn, beast_lair_carwin_6
Lair:2:   lemuel_ratsnest, layout_chaotic_city, spider_nest_entry_a,
          st_stairs_9, fungi_pond_lemuel
Lair:3:   layout_regular_city, minmay_hedge_maze, uniq_fannar
Lair:4:   layout_cave_pods, skrybe_swamp_entry_bodies
Spider:1: layout_spider_delve, uniq_aizul

Skill      XL: |  1  2  3  4  5  6  7  8  9 10 11 12 |
---------------+-------------------------------------+-----
Maces & Flails | 3 4 5 6 7 9 10 11 13 14 15 | 15.0
Fighting       | 5 8 10 | 10.7
Shields        | 8 12 | 12.4
Armour         | |  3.2

Action                   |  1- 3 |  4- 6 |  7- 9 | 10-12 || total
-------------------------+-------+-------+-------+-------++-------
Melee: Flail             |    64 |   214 |   236 |   982 ||  1496
Invok: Heroism           |       |       |       |     2 ||     2
Evoke: Wand              |       |       |     9 |     2 ||    11
  Use: Scroll            |       |    10 |     8 |     8 ||    26
       Potion            |       |       |     3 |     4 ||     7
 Stab: Invisible         |       |       |     2 |       ||     2
       Confused          |       |       |       |     6 ||     6
       Distracted        |       |       |       |     1 ||     1
  Eat: Chunk             |     1 |     6 |    10 |    18 ||    35
       Ration            |       |       |       |     2 ||     2
Armor: Scale mail        |    25 |    15 |       |       ||    40
       Chain mail        |       |   124 |    73 |   402 ||   599
       Acid dragon scale |       |       |    35 |   145 ||   180
       Skin              |       |       |     8 |       ||     8
Dodge: Dodged            |    16 |    41 |    33 |   224 ||   314
Block: Kite shield       |    37 |   123 |    98 |   570 ||   828
